 Dungeon Crawl Stone Soup version 0.27-a0-396-g03f4e8edb7 (webtiles) character file.

Game seed: 16808281094112922245

23 Morbidden the Firebug (level 2, 0/19 HPs)
             Began as a Demonspawn Fire Elementalist on Feb 21, 2021.
             Slain by a jackal (2 damage)
             ... on level 1 of the Dungeon.
             The game lasted 00:00:51 (670 turns).

Morbidden the Firebug (Demonspawn Fire Elementalist) Turns: 670, Time: 00:00:52

Health: 0/19       AC:  2    Str:  8    XL:     2   Next: 75%
Magic:  1/5        EV: 12    Int: 16    God:
Gold:   26         SH:  0    Dex: 13    Spells: 4/5 levels left

rFire    . . .     SeeInvis .   (no weapon)
rCold    . . .     Faith    .   (no shield)
rNeg     . . .     Spirit   .   a - +0 robe
rPois    .         Reflect  .   (no helmet)
rElec    .         Harm     .   (no cloak)
rCorr    .         Rampage  .   (no gloves)
Will     .....                  (no boots)
Stlth    ++........             (no amulet)
HPRegen  0.06/turn              (no ring)
MPRegen  0.09/turn              (no ring)

@: no status effects
A: talons 1
a: no special abilities


You were on level 1 of the Dungeon.
You visited 1 branch of the dungeon, and saw 1 of its levels.

You collected 26 gold pieces.

Inventory:

Armour
 a - a +0 robe (worn)
Jewellery
 f - a ring of see invisible
Scrolls
 b - 2 scrolls of magic mapping {unknown}
 c - a scroll of blinking {unknown}
 g - a scroll of identify {unknown}
 i - a scroll of enchant weapon {unknown}
Potions
 d - a potion of curing {unknown}
 e - a potion of invisibility {unknown}
 h - a potion of lignification {unknown}


   Skills:
 * Level 1.7 Dodging
 + Level 2.2 Stealth
 * Level 2.0 Spellcasting
 * Level 1.6 Conjurations
 * Level 3.1 Fire Magic


You had 4 spell levels left.
You knew the following spells:

 Your Spells              Type           Power        Failure   Level
a - Foxfire               Conj/Fire      36%          8%          1

Your spell library contained the following spells:

 Spells                   Type           Power        Failure   Level
 Conjure Flame            Conj/Fire      9%           22%         3
 Inner Flame              Hex/Fire       6%           32%         3
 Sticky Flame             Conj/Fire      9%           58%         4
 Fireball                 Conj/Fire      4%           91%         5


Dungeon Overview and Level Annotations

Branches:
Dungeon (1/15)

Altars:


Innate Abilities, Weirdness & Mutations

You have sharp toenails.


Message History

The jackal bites you.
You are too injured to fight recklessly!
You are too injured to fight recklessly!
Casting: Foxfire (safe; 8% risk of failure)
Confirm with . or Enter, or press ? or * to list all spells.
You conjure some foxfire!
The jackal bites you but does no damage.
The foxfire hits the jackal.
The jackal is moderately wounded.
The foxfire hits the jackal.
The jackal is heavily wounded.
The jackal bites you.
Unknown command.
Unknown command.
Casting: Foxfire (safe; 8% risk of failure)
Confirm with . or Enter, or press ? or * to list all spells.
You don't have enough magic to cast this spell.
Unknown command.
You are too injured to fight recklessly!
You are too injured to fight recklessly!
You are too injured to fight recklessly!
The jackal barely misses you. x2
The jackal closely misses you. The jackal barely misses you.
The jackal barely misses you.
You hit the jackal. Your kick misses the jackal.
The jackal is severely wounded.
The jackal bites you.
* * * LOW HITPOINT WARNING * * *
You closely miss the jackal. You claw the jackal, but do no damage.
The jackal is severely wounded.
The jackal closely misses you.
The jackal bites you but does no damage.
You barely miss the jackal.
The jackal is severely wounded.
The jackal bites you.
* * * LOW HITPOINT WARNING * * *
You closely miss the jackal.
The jackal is severely wounded.
The jackal bites you.
You die...

.#..................#
..>#.......(........#
....................#
.....##.##..........#
...####.#...........#
...####.#........(..#
#..##......†....h...#
.......##...###h##.#
...... ##### #@##.#
...... #.##.# ......
#.# .# ... #.# ...
#.. ##. . ## ...


You could see 2 jackals.

Vanquished Creatures
  An ooze (D:1)
  3 leopard geckos (D:1)
  A bat (D:1)
  A giant cockroach (D:1)
  3 goblins (D:1)
  2 jackals (D:1)
  2 kobolds (D:1)
  2 rats (D:1)
15 creatures vanquished.

Vanquished Creatures (others)
  44 foxfires (D:1)
44 creatures vanquished.

Grand Total: 59 creatures vanquished

Notes
Turn   | Place    | Note
-------+----------+-------------------------------------------
     0 | D:1      | Morbidden the Demonspawn Fire Elementalist began the quest
                  | for the Orb.
     0 | D:1      | Reached XP level 1. HP: 13/13 MP: 3/3
   175 | D:1      | Gained mutation: You have sharp toenails. [demonic
                  | ancestry]
   175 | D:1      | Reached XP level 2. HP: 19/19 MP: 0/5
   205 | D:1      | Reached skill level 3 in Fire Magic
   670 | D:1      | Slain by a jackal

Illustrated notes

Levels and vault maps discovered:
D:1:      dpeg_arrival_simpleton_b, layout_rooms, moated_statue

Skill      XL: |  1  2 |
---------------+-------+-----
Stealth        | 2 |  2.2
Fire Magic     | 3 |  3.1
Dodging        | |  1.7
Spellcasting   | |  2.0
Conjurations   | |  1.6

Action                   || total
-------------------------++-------
Melee: Unarmed           ||    39
       Kick              ||     6
 Cast: Foxfire           ||    26
Armor: Robe              ||    11
Dodge: Dodged            ||    41

Table legend: (Time is in decaauts)
 A = Elapsed time spent in this place.
 B = Non-inter-level travel time spent in this place.
 C = Inter-level travel time spent in this place.
 D = Time resting spent in this place.
 E = Time spent auto-exploring this place.
 F = Levels seen in this place.
 G = Mean time per level.
                   A        B        C        D        E       F      G
               +--------+--------+--------+--------+--------+-----+--------+
         Total |    670 |    670 |      0 |      0 |    506 |   1 |  670.0 |
       Dungeon |    670 |    670 |      0 |      0 |    506 |   1 |  670.0 |
               +--------+--------+--------+--------+--------+-----+--------+

Top non-repeatable levels by time:
     D:1: 670 daAuts
